 Dungeon Crawl Stone Soup version 0.28-a0-247-gb8bfbab023 (webtiles) character file.

Game seed: 4321674111103191508

2834631 snackwell the Conqueror (level 27, 273/273 HPs)
             Began as a Minotaur Fighter on Aug 24, 2021.
             Was the Champion of Okawaru.
             Escaped with the Orb
             ... and 5 runes on Aug 26, 2021!
             The game lasted 06:19:30 (86131 turns).

snackwell the Conqueror (Minotaur Fighter)         Turns: 86131, Time: 06:19:30

Health: 273/273    AC: 46    Str: 40    XL:     27
Magic:  41/41      EV: 19    Int: 11    God:    Okawaru [******]
Gold:   7487       SH: 30    Dex: 26    Spells: 16/36 levels left

rFire   + + +      SeeInvis .   a - +9 demon blade (elec)
rCold   x . .      Faith    .   Y - +1 tower shield {rPois}
rNeg    + . .      Spirit   .   q - +12 shadow dragon scales of the Evening {Will- MP+9 Str+3 Dex+6 Stlth++++}
rPois   +          Reflect  +   u - +2 hat {Will+}
rElec   +          Harm     .   y - +2 cloak {rCorr}
rCorr   +          Rampage  +   Q - +2 pair of gloves {Stlth+}
Will    ++++.      Rnd*Rage +   e - +2 pair of boots {rampage}
Stlth   ++........              F - amulet "Coicedem" {Reflect Int+4 Dex+6 SH+5}
HPRegen 0.55/turn               w - ring of Spontaneous Combustion {Fire rElec rN+ Will++ Dex-3}
MPRegen 0.27/turn               V - ring "Mefuyfaw" {rF++ Str+6}

@: glowing, studying Maces & Flails
A: horns 2, retaliatory headbutt, beak, talons 1, thin skeletal structure 1,
agile 1, berserk 2, sense surroundings 2, screaming 1, strong 1, no potion heal
1
0: Orb of Zot
}: 5/15 runes: barnacled, slimy, silver, abyssal, gossamer
a: Renounce Religion, Heroism, Finesse, Duel


You escaped.
You worshipped Okawaru.
Okawaru was exalted by your worship.
You visited 11 branches of the dungeon, and saw 55 of its levels.
You visited the Abyss 2 times.
You also visited: Trove, Ice Cave and Desolation.

You collected 10015 gold pieces.
You spent 2528 gold pieces at shops.

Inventory:

Hand Weapons
 a - a +9 demon blade of electrocution (weapon)
   (Okawaru gifted it to you on level 2 of the Shoals)
 b - the +5 double sword of War {freeze, rC++ Will- Str+9 Dex-5}
   (Okawaru gifted it to you on level 2 of the Spider Nest)

   It freezes those it strikes, dealing additional cold damage.
   It can also slow down cold-blooded creatures.
   Str:       It affects your strength (+9).
   Dex:       It affects your dexterity (-5).
   rC:        It greatly protects you from cold.
   Will:      It decreases your willpower.
 c - a +4 vampiric demon blade
   (You took it off an imperial myrmidon in the Desolation of Salt)
Missiles
 s - 38 datura-tipped darts
 x - 44 silver javelins (quivered)
 B - 12 throwing nets
 J - 5 boomerangs
 X - 82 javelins
 Z - a silver boomerang
Armour
 e - a +2 pair of boots of rampaging (worn)
   (Okawaru gifted it to you on level 5 of the Vaults)
 q - the +12 shadow dragon scales of the Evening (worn) {Will- MP+9 Str+3 Dex+6 Stlth++++}
   (Okawaru gifted it to you on level 6 of the Lair of Beasts)

   Str:       It affects your strength (+3).
   Dex:       It affects your dexterity (+6).
   MP:        It affects your magic capacity (+9).
   Will:      It decreases your willpower.
   Stlth:     It makes you much more stealthy.
 u - a +2 hat of willpower (worn)
   (Okawaru gifted it to you on level 11 of the Dungeon)
 y - a +2 cloak of preservation (worn)
   (You found it on level 3 of the Elven Halls)
 z - the +5 kite shield "Viduprui" {Dex+3}
   (You took it off an ironbound convoker on level 5 of the Vaults)

   Dex:       It affects your dexterity (+3).
 Q - a +2 pair of gloves of stealth (worn)
   (Okawaru gifted it to you on level 11 of the Dungeon)
 U - a +2 cloak of willpower
   (You took it off a draconian annihilator on level 2 of the Realm of Zot)
 Y - a +1 tower shield of poison resistance (worn)
   (Okawaru gifted it to you on level 5 of the Realm of Zot)
Jewellery
 l - the ring "Vinaol" {+Blink Str+5 Dex+6}
   (You took it off an ironbound preserver on level 5 of the Vaults)

   [ring of dexterity]

   Str:       It affects your strength (+5).
   Dex:       It affects your dexterity (+6).
   +Blink:    It lets you blink.
 m - a ring of flight
   (You found it on level 11 of the Dungeon)
 p - the ring of Midnight {Will+ Str+3 SInv}
   (You found it in a treasure trove)

   [ring of willpower]

   Str:       It affects your strength (+3).
   SInv:      It lets you see invisible.
   Will:      It increases your willpower.
 w - the ring of Spontaneous Combustion (left hand) {Fire rElec rN+ Will++ Dex-3}
   (You found it on level 9 of the Dungeon)

   [ring of fire]

   It enhances your fire magic.
   Dex:       It affects your dexterity (-3).
   rF:        It protects you from fire.
   rC:        It makes you vulnerable to cold.
   rElec:     It insulates you from electricity.
   rN:        It protects you from negative energy.
   Will:      It greatly increases your willpower.
 F - the amulet "Coicedem" (around neck) {Reflect Int+4 Dex+6 SH+5}
   (You found it in a treasure trove)

   [amulet of reflection]

   It reflects blocked missile attacks.
   Int:       It affects your intelligence (+4).
   Dex:       It affects your dexterity (+6).
   SH:        It affects your SH (+5).
 R - the ring of Atwulew {rElec rPois rC+ rN+ Dex+2}
   (You found it in a treasure trove)

   [ring of positive energy]

   Dex:       It affects your dexterity (+2).
   rC:        It protects you from cold.
   rElec:     It insulates you from electricity.
   rPois:     It protects you from poison.
   rN:        It protects you from negative energy.
 V - the ring "Mefuyfaw" (right hand) {rF++ Str+6}
   (You found it on level 5 of the Pits of Slime)

   [ring of strength]

   Str:       It affects your strength (+6).
   rF:        It greatly protects you from fire.
Wands
 g - a wand of mindburst (13)
   (You found it on level 2 of the Abyss)
 n - a wand of acid (38)
   (You found it on level 5 of the Pits of Slime)
 A - a wand of digging (26)
   (You found it on level 6 of the Dungeon)
 I - a wand of paralysis (59)
   (You found it on level 10 of the Dungeon)
 M - a wand of iceblast (78)
   (You took it off Erolcha on level 2 of the Orcish Mines)
Scrolls
 h - 13 scrolls of magic mapping
 j - 5 scrolls of fog
 k - a scroll of holy word
 o - 13 scrolls of teleportation
 v - 7 scrolls of immolation
 H - 10 scrolls of blinking
 K - 3 scrolls of enchant armour
 P - 5 scrolls of fear
 S - 4 scrolls of silence
Potions
 d - 4 potions of berserk rage
 f - 5 potions of cancellation
 i - 19 potions of curing
 r - 5 potions of might
 t - 3 potions of resistance
 C - 15 potions of heal wounds
 D - 9 potions of haste
 E - 3 potions of invisibility
 L - 4 potions of flight
 N - 2 potions of lignification
 W - 9 potions of ambrosia
Miscellaneous
 G - a lightning rod (4/4)
   (You found it on level 1 of the Shoals)
 O - a condenser vane
   (You bought it in a shop on level 2 of the Orcish Mines)
 T - a phial of floods
   (You found it on level 11 of the Dungeon)


   Skills:
 O Level 27 Fighting
 - Level 16.0 Long Blades
 - Level 9.0 Maces & Flails
 - Level 17.4 Throwing
 + Level 23.2 Armour
 - Level 12.0 Dodging
 - Level 10.5 Stealth
 - Level 19.5 Shields
 - Level 5.4 Spellcasting
 - Level 6.5 Hexes
 + Level 14.6 Translocations
 - Level 8.0 Transmutations
 - Level 7.3 Air Magic
 - Level 14.5 Invocations
 - Level 11.6 Evocations


You had 16 spell levels left.
You knew the following spells:

 Your Spells              Type           Power      Damage    Failure   Level
a - Apportation           Tloc           70%        N/A       1%          1
b - Blink                 Tloc           N/A        N/A       1%          2
c - Swiftness             Air            19%        N/A       12%         3
d - Yara's Violent Unrav  Hex/Tmut       9%         3d6       73%         5
e - Passage of Golubria   Tloc           N/A        N/A       1%          4
f - Manifold Assault      Tloc           35%        N/A       5%          5

Your spell library contained the following spells:

 Spells                   Type           Power      Damage    Failure   Level
 Gell's Gravitas          Tloc           17%        N/A       1%          3
 Lesser Beckoning         Tloc           17%        N/A       1%          3
 Teleport Other           Tloc           35%        N/A       1%          3
 Portal Projectile        Hex/Tloc       52%        N/A       3%          3
 Corona                   Hex            18%        N/A       5%          1
 Shock                    Conj/Air       44%        1d5       19%         1
 Corpse Rot               Necr/Air       N/A        N/A       26%         2
 Dispersal                Tloc           17%        N/A       30%         6
 Ensorcelled Hibernation  Hex/Ice        20%        N/A       32%         2
 Airstrike                Air            9%         N/A       36%         4
 Iskenderun's Mystic Bla  Conj/Tloc      19%        2d6       36%         4
 Spider Form              Tmut/Pois      5%         N/A       43%         3
 Dazzling Flash           Conj/Hex       20%        N/A       54%         3
 Inner Flame              Hex/Fire       15%        N/A       54%         3
 Foxfire                  Conj/Fire      16%        2x1d4     63%         1
 Freeze                   Ice            12%        1d4       63%         1
 Magic Dart               Conj           12%        1d3       63%         1
 Pain                     Necr           12%        1d4       63%         1
 Ignite Poison            Fire/Tmut/Pois 13%        N/A       63%         3
 Blade Hands              Tmut           10%        N/A       63%         5
 Mephitic Cloud           Conj/Pois/Air  8%         N/A       65%         3
 Searing Ray              Conj           6%         3d3       77%         2
 Ice Form                 Ice/Tmut       11%        N/A       83%         4
 Petrify                  Tmut/Erth      11%        N/A       83%         4
 Fulminant Prism          Conj/Hex       5%         3d7       91%         4
 Leda's Liquefaction      Hex/Erth       5%         N/A       91%         4
 Frozen Ramparts          Ice            6%         1d2       94%         3
 Ozocubu's Armour         Ice            3%         N/A       94%         3
 Vampiric Draining        Necr           1%         2d6       94%         3
 Alistair's Intoxication  Tmut/Pois      7%         N/A       99%         5
 Metabolic Englaciation   Hex/Ice        5%         N/A       99%         5
 Hailstorm                Conj/Ice       3%         3d3       100%        4
 Bolt of Magma            Conj/Fire/Erth 2%         4d4       100%        5
 Excruciating Wounds      Necr           1%         N/A       100%        5
 Fireball                 Conj/Fire      2%         3d4       100%        5
 Iskenderun's Battlesphe  Conj           3%         2d6       100%        5
 Conjure Ball Lightning   Conj/Air       5%         3x3d6     100%        6
 Eringya's Noxious Bog    Tmut/Pois      5%         N/A       100%        6
 Invisibility             Hex            8%         N/A       100%        6
 Iron Shot                Conj/Erth      1%         9d1       100%        6
 Starburst                Conj/Fire      2%         6d3       100%        6
 Statue Form              Tmut/Erth      7%         N/A       100%        6
 Orb of Destruction       Conj           1%         N/A       100%        7
 Ozocubu's Refrigeration  Ice            1%         4d5       100%        7
 Storm Form               Tmut/Air       9%         N/A       100%        7
 Borgnjor's Revivificati  Necr           1%         N/A       100%        8
 Discord                  Hex            8%         N/A       100%        8
 Disjunction              Tloc           17%        N/A       100%        8
 Ignition                 Fire           2%         3d3       100%        8
 Lehudib's Crystal Spear  Conj/Erth      1%         10d2      100%        8
 Fire Storm               Conj/Fire      2%         8d1       100%        9
 Polar Vortex             Ice            1%         N/A       100%        9
 Tukima's Dance           Hex            Unusable   N/A       N/A         3
 Summon Guardian Golem    Hex/Summ       Unusable   N/A       N/A         3
 Animate Skeleton         Necr           Unusable   N/A       N/A         1
 Summon Forest            Summ/Tloc      Unusable   N/A       N/A         5
 Summon Lightning Spire   Summ/Air       Unusable   N/A       N/A         4
 Call Canine Familiar     Summ           Unusable   N/A       N/A         3
 Summon Mana Viper        Hex/Summ       Unusable   N/A       N/A         5
 Animate Armour           Summ/Erth      Unusable   N/A       N/A         4
 Animate Dead             Necr           Unusable   N/A       N/A         4
 Summon Ice Beast         Ice/Summ       Unusable   N/A       N/A         4
 Shadow Creatures         Summ           Unusable   N/A       N/A         6
 Simulacrum               Ice/Necr       Unusable   N/A       N/A         6
 Haunt                    Necr/Summ      Unusable   N/A       N/A         7
 Monstrous Menagerie      Summ           Unusable   N/A       N/A         7
 Spellforged Servitor     Conj/Summ      Unusable   N/A       N/A         7
 Summon Hydra             Summ           Unusable   N/A       N/A         7
 Infestation              Necr           Unusable   N/A       N/A         8

Dungeon Overview and Level Annotations

Branches:
Dungeon (15/15)            Temple (1/1) D:4            Lair (6/6) D:11
 Shoals (4/4) Lair:2       Spider (4/4) Lair:2        Slime (5/5) Lair:5
    Orc (2/2) D:12            Elf (3/3) Orc:2        Vaults (5/5) D:13
  Crypt (0/3) Vaults:3     Depths (5/5) D:15            Zot (5/5) Depths:5
  IceCv (visited)         Desolation (visited)

Altars:
Ashenzari
Cheibriados
Dithmenos
Elyvilon
Fedhas
Gozag
Hepliaklqana
Kikubaaqudgha
Makhleb
Nemelex Xobeh
Okawaru
Qazlal
Ru
Sif Muna
Trog
Uskayaw
Vehumet
Wu Jian
Xom
Yredelemnul
Zin
The Shining One
Beogh
Jiyva

Shops:
D:4 *   D:8 [   D:15 (   Orc:1 [   Orc:2 (:!*?   Shoals:3 !   Shoals:4 =
Vaults:1 [[*   Vaults:4 [   Depths:3 *

Portals:
Hell: Depths:1 Depths:2 Depths:3 Depths:4 Depths:5
Abyss: Depths:4
Pandemonium: Depths:2 Depths:3
Ziggurat: Depths:5

Annotations:
Shoals:1 3 runed translucent doors
Shoals:2 2 runed translucent doors, EnronHubbard's ghost, adept HOBr
Orc:1 exclusion: door
Depths:2 exclusion: frost giant, Nikola


Innate Abilities, Weirdness & Mutations

You have a pair of horns on your head.
You reflexively headbutt those who attack you in melee.
You have a beak for a mouth.
You have sharp toenails.
You have a somewhat thin skeletal structure. (Dex +2, Stealth+)
You are agile. (Dex +2)
You often lose your temper in combat.
You passively map the area around you.
You occasionally shout uncontrollably at your foes.
Your muscles are strong. (Str +2)
Potions are less effective at restoring your health.


Message History

The Orb Guardian is severely wounded.
You block the Orb Guardian's attack.
You slice the Orb Guardian!!
You kill the Orb Guardian!
Okawaru accepts your kill.
No target in view!
(D) Dungeon (T) Temple (L) Lair (A) Shoals (N) Spider Nest (M) Slime Pits (O) Orcish Mines (E) Elven Halls (V) Vaults (C) Crypt (U) Depths (H) Hell (Z) Zot
Where to? (* - list waypoints, Enter - D:1 @ (x,y), ? - help)
There is a large open door here.
An angel and a cherub come into view.
The cherub is wielding a +2 long sword of flaming.
The angel is wielding a +3 whip of holy wrath.
There is a fountain of clear blue water here.
You yell at the seraph!
A seraph comes into view.
It is wielding a +5 great sword of flaming.
The cherub's ox head lows!
The seraph gestures.
An angel comes into view. It is wielding a +1 whip of holy wrath.
You yell at the angel!
The cherub sings a powerful hymn!
The angels go into a battle-frenzy!
You block the angel's attack. The angel hits you but does no damage.
The seraph shouts a warning to its allies!
The cherub sings a powerful hymn!
The cherub goes into a battle-frenzy!
The cherub unwields a +2 long sword of flaming.
It stops flaming.
The cherub wields a +0 fustibalus.
The cherub shoots a stone.
You reflect the stone off an invisible shield around you!
The stone hits the cherub!!
You block the angel's attack. x2
The cherub unwields a +4 scimitar of flaming.
It stops flaming.
The cherub wields a +0 fustibalus.
The cherub shoots a stone.
The stone closely misses you.
The seraph shouts a warning to its allies!
There is an open door here.
You block the angel's attack. x2
There is a staircase leading out of the dungeon here.
What are your orders? t - Yell!
Orders for allies: a - Attack new target. r - Retreat! s - Stop attacking. g - Guard the area. f - Follow me.
Anything else - Cancel.
You yell for attention!
The angel hits you but does no damage. You block the angel's attack.
The angel closely misses you. You furiously retaliate!
You headbutt the angel. You block the angel's attack. x3
You have escaped!

..# #.....#...........##..# #.#
#.....#...........##... #.#
#########...........###†#
#.#######....# ##....##'#### #.#
#.##.......#.####..##.##.# ###..
#.##.#######........#..#.# #...#
..............⌠...⌠.##.#.####+###
#.##.#....###..###..##...........
#.##...........#@#...............
#.#......###...#A#.AA...>........
#.#.#......#..⌠..AA..............
...........#.............A.......
##..######.....######'###########
....# #.......####.# #...####
#.......#....# #......#
#.#####.#.#### #..###.# #.###
#.#.####


You could see a seraph (strong), 2 angels and 2 cherubim.

Vanquished Creatures
  the Royal Jelly (Slime:5)
  An ancient lich (Zot:5)
  3 dread liches
  9 orbs of fire
  3 juggernauts
  A royal mummy (Depths:3)
  Sojobo (Vaults:2)
  4 Killer Klowns (Zot:5)
  4 caustic shrikes
  Bai Suzhen (Vaults:2)
  Saint Roka (Depths:2)
  2 curse toes
  12 golden dragons
  Arachne (Arena)
  the Enchantress (Depths:2)
  The ghost of Xuos Etu the Warrior, an adept MiWn of the Shining One (Arena)
  2 electric golems (Zot:5)
  15 tentacled monstrosities
  5 quicksilver dragons
  4 liches
  Mlioglotl (Depths:4)
  5 titans
  Asterion (Depths:1)
  2 deep elf blademasters (Elf:3)
  6 tentacled starspawn
  28 Orb Guardians
  The ghost of Jimecuask the Sabretooth, an adept FeBe of Trog (Elf:2)
  2 deep elf master archers (Elf:3)
  26 acid blobs
  5 sphinxes
  12 death cobs
  Frances (D:13)
  Polyphemus (Shoals:2)
  Roxanne (Shoals:4)
  13 storm dragons
  6 azure jellies
  5 draconian monks
  8 rockslimes
  15 tengu reavers
  13 shadow dragons
  A fenstrider witch (shapeshifter) (Vaults:5)
  15 fire giants
  7 deep elf sorcerers
  14 frost giants
  4 draconian knights
  2 iron dragons
  16 vault wardens
  10 emperor scorpions
  Aizul (Spider:2)
  10 draconian scorchers
  5 draconian shifters
  3 imperial myrmidons (Desolation)
  9 ghost moths
  2 cacodemons (Elf:2)
  2 balrugs
  3 deep elf elementalists
  6 spectral caustic shrikes (Depths:2)
  4 draconian annihilators
  9 spriggan defenders
  An angel (D:9)
  An ophan (Abyss:3)
  6 war gargoyles
  28 ironbound preservers
  30 very ugly things
  9 quicksilver oozes
  2 reapers
  3 draconian stormcallers
  22 stone giants
  A vampire knight (Depths:1)
  13 green draconians
  14 purple draconians
  26 yellow draconians
  13 dire elephants
  A spark wasp (Spider:4)
  7 entropy weavers
  A lorocyproca (Depths:3)
  2 halazid warlocks (Desolation)
  7 deep elf annihilators
  8 black draconians
  9 white draconians
  5 deep elf demonologists
  An eleionoma (Zot:5)
  10 red draconians
  A green death (Depths:1)
  Snorg (Lair:3)
  5 merfolk javelineers
  2 blizzard demons
  7 deep elf death magi
  12 ettins
  7 fire dragons
  9 deep elf high priests
  21 yaktaur captains
  2 merfolk impalers (Shoals:4)
  6 ice dragons
  A quicksilver dragon zombie (Depths:3)
  11 great orbs of eyes
  5 ragged hierophants (Desolation)
  6 rakshasas
  30 vault guards
  Erolcha (Orc:2)
  5 servants of whispers (Desolation)
  A hell beast (Depths:1)
  An ogre mage (Vaults:5)
  5 boulder beetles
  3 alligator snapping turtles
  13 ironbound thunderhulks
  10 ironbound frosthearts
  A merfolk avatar (Shoals:4)
  5 catoblepae
  9 peacekeepers
  4 spriggan air magi
  11 hydras
  An anaconda (Lair:6)
  14 centaur warriors
  3 satyrs
  3 death knights
  A vampire mage (Depths:4)
  32 dancing weapons
  6 two-headed ogres
  9 death yaks
  4 merfolk aquamancers
  The ghost of Thraspic the Martial Artist, a novice DsCK of Xom (D:9)
  6 deep troll earth magi
  A titan zombie (Depths:3)
  6 tengu warriors
  2 spriggan berserkers
  9 deep troll shamans
  6 orc high priests
  18 thrashing horrors
  Urug (Arena)
  12 deep elf knights
  9 ironbound beastmasters
  6 hell knights
  A spatial maelstrom (Abyss:3)
  A titan skeleton (Vaults:5)
  2 sixfirhies
  8 wretched stars
  A skeletal warrior (D:13)
  6 iron trolls
  8 sea snakes
  2 infernal demonspawn (Depths:3)
  A death drake (Abyss:4)
  2 glowing orange brains (shapeshifter)
  A death drake (shapeshifter) (Vaults:5)
  A shadow wraith (Abyss:3)
  A glowing orange brain (Depths:3)
  15 starcursed masses
  A bog body (IceCv)
  6 orc knights
  3 shadow demons
  7 necromancers
  69 deep trolls
  2 phantasmal warriors (Vaults:5)
  12 wizards
  8 deep elf archers
  A gelid demonspawn (Depths:3)
  27 ironbound convokers
  37 deep elf pyromancers
  A swamp dragon (shapeshifter) (Vaults:5)
  A shadow dragon zombie (Depths:3)
  21 harpies
  22 deep elf zephyrmancers
  Pikel (D:5)
  5 lindwurms (Vaults:1)
  An orb spider (shapeshifter) (Elf:2)
  2 iron dragon zombies
  12 orb spiders
  57 ugly things
  2 oklob plants
  A sphinx zombie (Vaults:5)
  20 wolf spiders
  2 orc sorcerers
  A wolf spider (shapeshifter) (Depths:2)
  8 cyclopes
  A shadow dragon skeleton (Abyss:2)
  20 large abominations
  2 shining eyes (Slime:5)
  3 worldbinders
  27 moths of wrath
  13 manticores
  10 fauns
  A moth of wrath (shapeshifter) (Depths:2)
  2 manticores (shapeshifter)
  9 elephants
  A frost giant zombie (Depths:3)
  23 vault sentinels
  A black mamba (Lair:4)
  5 water nymphs
  9 merfolk sirens
  Joseph (D:7)
  6 guardian serpents (Desolation)
  2 eyes of devastation (Slime:5)
  6 smoke demons
  An apocalypse crab (Abyss:4)
  An elf zombie (Depths:3)
  2 rust devils
  2 ice statues (IceCv)
  A black mamba (shapeshifter) (Elf:2)
  An orange demon (Abyss:3)
  A torpor snail (Spider:2)
  Maggie (D:6)
  2 gargoyles
  8 cane toads
  A hellion (Zot:5)
  5 rime drakes
  11 komodo dragons
  14 yaktaurs
  7 freezing wraiths
  4 anaconda simulacra (IceCv)
  8 kobold demonologists
  A tormentor (Depths:2)
  2 entropy weaver simulacra (IceCv)
  A silent spectre (Abyss:2)
  6 ancient zymes
  An efreet (D:15)
  6 ice devils (IceCv)
  6 demonic crawlers
  A hellwing (D:7)
  6 tengu conjurers
  A queen bee (Abyss:3)
  28 jumping spiders
  3 guardian mummies (Depths:3)
  9 trolls
  5 meliai (Abyss:3)
  A red devil (Abyss:3)
  A troll (shapeshifter) (Depths:5)
  14 merfolk
  Grinder (D:3)
  50 saltlings (Desolation)
  2 wind drakes (shapeshifter)
  8 hornets
  14 blink frogs
  9 wind drakes
  12 raiju
  A raiju (shapeshifter) (Vaults:5)
  2 polar bears
  23 slime creatures
  13 dream sheep
  An ettin zombie (Depths:3)
  3 flying skulls (Abyss:2)
  An air elemental (Elf:1)
  7 snapping turtles
  72 redbacks
  2 vampires
  Sigmund (D:5)
  31 tarantellas
  18 water elementals
  8 wyverns
  55 yaks
  8 spriggans
  5 ynoxinuls
  A tarantella (shapeshifter) (Elf:2)
  3 dire elephant simulacra (IceCv)
  5 wraiths
  2 shadows
  7 basilisks
  A spriggan (shapeshifter) (Elf:2)
  A steam dragon (D:8)
  A golden eye (Abyss:4)
  3 chaos spawn
  A vampire mosquito (D:13)
  4 neqoxecs
  A human simulacrum (Vaults:5)
  A yaktaur simulacrum (Vaults:5)
  5 wargs
  Edmund (D:5)
  Menkaure (D:6)
  A harpy simulacrum (IceCv)
  3 acid dragons
  A floating eye (Depths:2)
  21 water moccasins
  An ettin simulacrum (Vaults:5)
  4 ice beasts (D:9)
  An ogre (shapeshifter) (Elf:2)
  46 orc warriors
  A sky beast (D:6)
  5 black bears
  14 ogres
  52 wolves
  13 centaurs
  4 lemures (D:4)
  A phantom (D:5)
  5 kobold brigands
  10 bullfrogs
  A cane toad simulacrum (IceCv)
  A gnoll sergeant (D:7)
  A two-headed ogre simulacrum (IceCv)
  3 earth elementals
  A wyvern zombie (D:9)
  11 killer bees
  7 wights
  7 howler monkeys
  24 jellies
  4 electric eels
  A howler monkey (shapeshifter) (Elf:2)
  17 small abominations
  3 bullfrog zombies (D:6)
  2 hounds (shapeshifter) (Elf:2)
  A quasit (Abyss:3)
  2 bullfrog skeletons
  A centaur zombie (D:9)
  46 orc priests
  Crazy Yiuf (D:5)
  7 centaur skeletons
  3 hounds
  4 iron imps
  Terence (D:2)
  Ijyb (D:3)
  17 orc wizards
  2 wolf simulacra (IceCv)
  A killer bee zombie (D:6)
  4 centaur simulacra
  8 mummies (Depths:3)
  A howler monkey zombie (D:8)
  7 gnolls
  6 adders
  20 white imps
  A howler monkey simulacrum (D:9)
  5 ufetubi
  5 dart slugs
  2 worms
  109 orcs
  A bat (D:3)
  7 endoplasms
  2 giant cockroaches
  7 goblins
  8 hobgoblins
  5 jackals
  9 kobolds
  3 quokkas
  7 ball pythons
  7 frilled lizards
  6 rats
  A pillar of salt (Vaults:4)
  9 starspawn tentacles
2574 creatures vanquished.

Vanquished Creatures (collateral kills)
  An ugly thing (Depths:4)
1 creature vanquished.

Vanquished Creatures (others)
  2 draconian knights
  A frost giant (Depths:4)
  A tengu warrior (Depths:4)
  A thrashing horror (Abyss:3)
  2 deep elf knights
  2 wizards (Vaults:1)
  An orb spider (Spider:1)
  An ugly thing (Depths:2)
  A tengu conjurer (Depths:4)
  A raiju (Abyss:3)
  A boggart (D:13)
  2 orc wizards (D:13)
  2 orcs
  7 fungi
  2 pillars of salt (Vaults:4)
  73 plants
  7 starspawn tentacles
107 creatures vanquished.

Grand Total: 2682 creatures vanquished

Notes
Turn   | Place    | Note
-------+----------+-------------------------------------------
     0 | D:1      | snackwell the Minotaur Fighter began the quest for the Orb.
     0 | D:1      | Reached XP level 1. HP: 19/19 MP: 0/0
   309 | D:1      | Reached skill level 4 in Fighting
   311 | D:1      | Reached XP level 2. HP: 22/27 MP: 1/1
   447 | D:1      | Found a faded altar of an unknown god.
   975 | D:2      | Reached XP level 3. HP: 34/34 MP: 2/2
  1020 | D:2      | Noticed Terence
  1041 | D:2      | Killed Terence
  1042 | D:2      | Reached skill level 5 in Fighting
  1042 | D:2      | Reached XP level 4. HP: 11/42 MP: 3/3
  2122 | D:3      | Noticed Ijyb
  2128 | D:3      | Killed Ijyb
  2131 | D:3      | Reached XP level 5. HP: 34/48 MP: 4/4
  2319 | D:3      | Reached skill level 5 in Long Blades
  2319 | D:3      | Noticed Grinder
  2337 | D:3      | Killed Grinder
  2338 | D:3      | Reached skill level 6 in Fighting
  2338 | D:3      | Reached XP level 6. HP: 25/58 MP: 5/5
  2765 | D:4      | Found a staircase to the Ecumenical Temple.
  2769 | Temple   | Entered the Ecumenical Temple
  2920 | Temple   | Became a worshipper of Warmaster Okawaru
  3076 | D:4      | Found Aruan's General Store.
  3079 | D:4      | Bought a scroll of identify for 24 gold pieces
  3079 | D:4      | Bought a scroll of magic mapping for 42 gold pieces
  3528 | D:5      | Entered Level 5 of the Dungeon
  3554 | D:5      | Noticed Pikel
  3899 | D:5      | Killed Pikel
  3900 | D:5      | Reached skill level 8 in Fighting
  3900 | D:5      | Reached XP level 7. HP: 26/68 MP: 6/6
  4159 | D:5      | Noticed Sigmund
  4164 | D:5      | Killed Sigmund
  4164 | D:5      | Reached * piety under Okawaru
  4165 | D:5      | Reached XP level 8. HP: 73/75 MP: 7/7
  4332 | D:5      | Reached skill level 9 in Fighting
  4594 | D:5      | Found a sacrificial altar of Ru.
  4839 | D:5      | Noticed Edmund
  4856 | D:5      | Killed Edmund
  4856 | D:5      | Reached ** piety under Okawaru
  5164 | D:5      | Found a runed translucent door.
  5165 | D:5      | Noticed Crazy Yiuf
  5174 | D:5      | Killed Crazy Yiuf
  5321 | D:6      | Noticed Maggie
  5340 | D:6      | Killed Maggie
  5341 | D:6      | Reached skill level 10 in Fighting
  5400 | D:6      | Reached skill level 10 in Long Blades
  5444 | D:6      | Reached XP level 9. HP: 70/86 MP: 3/8
  5451 | D:6      | Reached *** piety under Okawaru
  5789 | D:6      | Reached skill level 11 in Fighting
  5918 | D:6      | Noticed a two-headed ogre
  6326 | D:6      | Noticed Menkaure
  6332 | D:6      | Killed Menkaure
  6379 | D:6      | Killed a two-headed ogre
  6380 | D:6      | Reached skill level 12 in Fighting
  6938 | D:7      | Reached **** piety under Okawaru
  7349 | D:7      | Noticed Joseph
  7615 | D:7      | Reached XP level 10. HP: 96/97 MP: 9/9
  7977 | D:7      | Killed Joseph
  8026 | D:8      | Reached skill level 1 in Invocations
  8051 | D:8      | Found a bloodstained altar of Trog.
  8436 | D:8      | Found Xiakastro's Armour Emporium.
  8448 | D:8      | Reached skill level 5 in Armour
  8448 | D:8      | Reached skill level 5 in Shields
  9182 | D:9      | Noticed a two-headed ogre
  9189 | D:9      | Killed a two-headed ogre
  9504 | D:9      | Found a runed translucent gate.
  9504 | D:9      | Found a runed translucent gate.
  9504 | D:9      | Found a runed translucent gate.
  9523 | D:9      | Noticed Thraspic's ghost (novice DsCK)
  9964 | D:9      | Killed Thraspic's ghost
  9997 | D:9      | Reached XP level 11. HP: 102/106 MP: 12/12
 10006 | D:9      | Got the ring of Spontaneous Combustion {Fire rElec rN+
                  | Will++ Dex-3}
 10026 | D:9      | Reached ***** piety under Okawaru
 10044 | D:10     | Entered Level 10 of the Dungeon
 10244 | D:10     | Reached skill level 13 in Fighting
 11407 | D:11     | Found a staircase to the Lair.
 11429 | D:11     | Received a gift from Okawaru
 11587 | D:11     | Identified the +3 ring mail of Altruism {Str+6 Int+2}
 11718 | D:11     | Found a portal to a secret trove of treasure.
 11758 | D:11     | Received a gift from Okawaru
 12060 | D:11     | Noticed a deep elf pyromancer
 12238 | D:11     | Killed a deep elf pyromancer
 12494 | D:11     | Noticed a deep elf zephyrmancer
 12502 | D:11     | Noticed a deep elf pyromancer
 12506 | D:11     | Killed a deep elf zephyrmancer
 12516 | D:11     | Killed a deep elf pyromancer
 12517 | D:11     | Reached skill level 5 in Invocations
 12517 | D:11     | Noticed a deep elf pyromancer
 12530 | D:11     | Killed a deep elf pyromancer
 12618 | D:11     | Noticed a deep elf pyromancer
 12630 | D:11     | Killed a deep elf pyromancer
 12631 | D:11     | Reached skill level 10 in Armour
 12631 | D:11     | Reached skill level 10 in Shields
 12679 | D:11     | Got Roxanne's Grimoire of the Mountains
 12691 | D:11     | Got the Disquisition on the Flying Oath
 12710 | D:11     | Noticed a deep elf pyromancer
 12713 | D:11     | Found a shimmering blue altar of Sif Muna.
 12715 | D:11     | Killed a deep elf pyromancer
 12730 | D:11     | Reached XP level 12. HP: 115/116 MP: 13/15
 12801 | D:11     | Noticed a deep elf death mage
 12806 | D:11     | Noticed a deep elf death mage
 13136 | D:11     | Killed a deep elf death mage
 13252 | D:11     | Paralysed by an orc sorcerer for 7 turns
 13268 | D:11     | Received a gift from Okawaru
 13557 | D:11     | Got the Reference Book on Flames and the Traveller
 13559 | D:11     | Got the Reference Book on Attacks
 13574 | D:11     | Got Sif Muna's Collected Works on Snow and Contamination
 13608 | D:11     | Killed a deep elf death mage
 13869 | Lair:1   | Entered Level 1 of the Lair of Beasts
 13879 | Lair:1   | Reached skill level 14 in Fighting
 13912 | Lair:1   | Noticed a seven-headed hydra
 13989 | D:12     | Found a frozen archway.
 14024 | IceCv    | Entered an ice cave
 15642 | D:12     | Noticed a five-headed hydra
 15781 | D:12     | Reached XP level 13. HP: 98/125 MP: 12/17
 16185 | D:12     | Identified the +5 triple sword of Cocytus {venom, Dex+3}
                  | (Okawaru gifted it to you on level 12 of the Dungeon)
 16185 | D:12     | Received a gift from Okawaru
 16410 | D:12     | Found a staircase to the Orcish Mines.
 17016 | Orc:1    | Entered Level 1 of the Orcish Mines
 17118 | Orc:1    | Found a shimmering blue altar of Sif Muna.
 17157 | Orc:2    | Entered Level 2 of the Orcish Mines
 17181 | Orc:1    | Noticed Urug
 17950 | Orc:2    | Found Uduemeom's Magic Scroll Shop.
 17982 | Orc:2    | Found a staircase to the Elven Halls.
 18115 | Orc:2    | Noticed Erolcha
 18138 | Orc:2    | Killed Erolcha
 19045 | Orc:2    | Reached ****** piety under Okawaru
 19597 | Orc:1    | Received a gift from Okawaru
 19929 | Orc:2    | Reached skill level 5 in Maces & Flails
 20320 | Orc:2    | Found Waakhlaumn's Assorted Antiques.
 20321 | Orc:2    | Found Meodoenn's Weapon Emporium.
 20321 | Orc:2    | Found Lipnybb's Book Shoppe.
 20322 | Orc:2    | Found Jyhidoc's Distillery.
 20754 | Orc:1    | Found Wunna's Antique Armour Shop.
 20801 | Arena    | Entered the Arena
 20808 | Arena    | Killed Urug
 21591 | Orc:2    | Bought a condenser vane for 1160 gold pieces
 21591 | Orc:2    | Bought a potion of haste for 290 gold pieces
 21597 | Orc:2    | Bought a potion of heal wounds for 60 gold pieces
 21674 | Orc:2    | Bought a scroll of enchant armour for 120 gold pieces
 21674 | Orc:2    | Bought a scroll of teleportation for 48 gold pieces
 21674 | Orc:2    | Bought a scroll of identify for 32 gold pieces
 21674 | Orc:2    | Bought a scroll of enchant weapon for 120 gold pieces
 21674 | Orc:2    | Bought a scroll of identify for 32 gold pieces
 21942 | Lair:1   | Reached skill level 1 in Throwing
 22031 | Lair:1   | Reached XP level 14. HP: 75/133 MP: 10/19
 22337 | Lair:1   | Identified the +1 helmet of Xenwo {rN++ Str-4 Slay+5}
 22343 | Lair:1   | Reached skill level 1 in Evocations
 22401 | Lair:1   | Reached skill level 15 in Fighting
 23266 | Lair:2   | Found a hole to the Spider Nest.
 23363 | Lair:2   | Found a staircase to the Shoals.
 23420 | Lair:2   | You fall into a shaft and drop 2 floors!
 23429 | Lair:4   | Received a gift from Okawaru
 23742 | Lair:4   | Received a gift from Okawaru
 24633 | Lair:2   | Reached skill level 5 in Throwing
 24659 | Lair:2   | Identified the +5 great sword of Inflation {holy, Int+2}
                  | (Okawaru gifted it to you on level 2 of the Lair of Beasts)
 24659 | Lair:2   | Received a gift from Okawaru
 24876 | Lair:3   | Noticed Snorg
 24892 | Lair:3   | Killed Snorg
 25841 | Lair:4   | Identified the +1 leather armour "Vakekub" {rC+ Str+2
                  | Slay+3}
 26926 | Lair:5   | Found a viscous altar of Jiyva.
 26928 | Lair:5   | Found a staircase to the Slime Pits.
 27767 | Lair:6   | Entered Level 6 of the Lair of Beasts
 27933 | Lair:6   | Found a stormy altar of Qazlal.
 28027 | Lair:6   | Received a gift from Okawaru
 28212 | Lair:6   | Reached XP level 15. HP: 138/143 MP: 19/21
 28410 | Lair:6   | Received a gift from Okawaru
 28598 | Lair:6   | Reached skill level 16 in Fighting
 28696 | Lair:6   | Identified the +10 arbalest "Seunuxi" {penet, rC+ rN++}
 29002 | Lair:6   | Identified the +12 shadow dragon scales of the Evening
                  | {Will- MP+9 Str+3 Dex+6 Stlth++++} (Okawaru gifted it to
                  | you on level 6 of the Lair of Beasts)
 29002 | Lair:6   | Received a gift from Okawaru
 29017 | Lair:6   | Reached skill level 5 in Evocations
 29333 | Lair:6   | Reached skill level 10 in Invocations
 29663 | Shoals:1 | Entered Level 1 of the Shoals
 29707 | Shoals:1 | Identified a scroll of acquirement
 29708 | Shoals:1 | Acquired 582 gold pieces
 29731 | Shoals:1 | Noticed a frost giant
 29732 | Shoals:1 | Noticed a frost giant
 29733 | Shoals:1 | Noticed a frost giant
 29735 | Shoals:1 | Found a runed translucent gate.
 29735 | Shoals:1 | Found a runed translucent gate.
 29735 | Shoals:1 | Found a runed translucent gate.
 29952 | Shoals:1 | Noticed Xuos Etu's ghost (adept MiWn)
 30141 | Shoals:1 | Found a runed translucent gate.
 30141 | Shoals:1 | Found a runed translucent gate.
 30143 | Shoals:1 | Found a runed translucent gate.
 30191 | Arena    | Entered the Arena
 30231 | Arena    | Killed Xuos Etu's ghost
 30578 | Shoals:2 | Found a large runed translucent door.
 30719 | Shoals:2 | Found a large runed translucent door.
 30720 | Shoals:2 | Noticed EnronHubbard's ghost (adept HOBr)
 30960 | Shoals:2 | Received a gift from Okawaru
 31046 | Shoals:2 | Noticed Polyphemus
 31466 | Shoals:2 | Reached skill level 10 in Throwing
 31617 | Shoals:2 | Killed Polyphemus
 31617 | Shoals:2 | Received a gift from Okawaru
 31751 | Shoals:2 | Identified the +3 leather armour "Miumeh" {rElec rC++
                  | Regen+ Int-4}
 31898 | Shoals:3 | Found Qeso's Distillery.
 31910 | Shoals:3 | Bought a potion of haste for 140 gold pieces
 31910 | Shoals:3 | Bought 2 potions of haste for 280 gold pieces
 32098 | Shoals:3 | Reached XP level 16. HP: 148/152 MP: 23/23
 32161 | Shoals:3 | Received a gift from Okawaru
 32794 | Shoals:4 | Entered Level 4 of the Shoals
 32794 | Shoals:4 | Noticed Roxanne
 33000 | Shoals:4 | Received a gift from Okawaru
 33006 | Shoals:4 | Reached skill level 17 in Fighting
 33011 | Shoals:4 | Identified the +10 demon whip of the People {drain, rF+
                  | Dex+4} (Okawaru gifted it to you on level 4 of the Shoals)
 33011 | Shoals:4 | Received a gift from Okawaru
 33321 | Shoals:4 | Got a barnacled rune of Zot
 33533 | Shoals:4 | Found Ylinacha's Jewellery Shop.
 34150 | Shoals:4 | Identified the -2 pair of gloves of Sunlight {rElec rPois
                  | Str-5 SInv} (Okawaru gifted it to you on level 4 of the
                  | Shoals)
 34150 | Shoals:4 | Received a gift from Okawaru
 34478 | Shoals:4 | Killed Roxanne
 34679 | Spider:1 | Entered Level 1 of the Spider Nest
 34912 | Spider:1 | Reached skill level 1 in Spellcasting
 35567 | Spider:2 | Noticed Arachne
 35568 | Arena    | Entered the Arena
 35578 | Arena    | Killed Arachne
 35703 | Spider:2 | Reached XP level 17. HP: 162/162 MP: 24/24
 35721 | Spider:2 | Noticed Aizul
 35745 | Spider:2 | Killed Aizul
 36428 | Spider:2 | Found the +12 glaive of Prune {vorpal}
 36584 | Spider:2 | Identified the +5 double sword of War {freeze, rC++ Will-
                  | Str+9 Dex-5} (Okawaru gifted it to you on level 2 of the
                  | Spider Nest)
 36584 | Spider:2 | Received a gift from Okawaru
 37339 | Spider:4 | Entered Level 4 of the Spider Nest
 37573 | Spider:4 | Received a gift from Okawaru
 37573 | Spider:4 | Found the +27 Lear's hauberk
 38216 | Spider:4 | Reached skill level 18 in Fighting
 38219 | Spider:4 | Reached skill level 1 in Dodging
 38753 | Spider:4 | Reached skill level 5 in Dodging
 38825 | Spider:4 | Received a gift from Okawaru
 39199 | Spider:4 | Got a gossamer rune of Zot
 39484 | D:13     | Noticed Frances
 39495 | D:13     | Killed Frances
 39496 | D:13     | Reached skill level 19 in Fighting
 39496 | D:13     | Reached XP level 18. HP: 120/176 MP: 24/26
 40404 | D:13     | Found a gate to the Vaults.
 40679 | D:4      | Bought 2 scrolls of enchant weapon for 180 gold pieces
 40931 | D:14     | Received a gift from Okawaru
 41258 | D:14     | Found a basalt altar of Yredelemnul.
 41973 | D:15     | Entered Level 15 of the Dungeon
 41980 | D:15     | Found Sekushryk's Antique Weapon Shoppe.
 42050 | D:15     | Received a gift from Okawaru
 42560 | D:15     | Received a gift from Okawaru
 42583 | D:15     | Found a staircase to the Depths.
 42589 | D:15     | Reached skill level 20 in Fighting
 42917 | Vaults:1 | Entered Level 1 of the Vaults
 42952 | Vaults:1 | Reached skill level 10 in Dodging
 43130 | Vaults:1 | Received a gift from Okawaru
 43294 | Vaults:1 | Received a gift from Okawaru
 43295 | Vaults:1 | You fall into a shaft and drop 1 floor!
 43463 | Vaults:1 | Received a gift from Okawaru
 43485 | Vaults:1 | Identified the +0 ring mail of Poypt {rN+}
 43675 | Vaults:1 | Received a gift from Okawaru
 43738 | Vaults:1 | Found Gozag's Antique Armour Emporium.
 43740 | Vaults:1 | Found an opulent altar of Gozag.
 43799 | Vaults:1 | Reached XP level 19. HP: 187/187 MP: 27/27
 43830 | Vaults:1 | Found Gozag's Antique Armour Shoppe.
 43849 | Vaults:1 | Received a gift from Okawaru
 43918 | Vaults:1 | Found Gozag's Assorted Antiques.
 44902 | Vaults:2 | Received a gift from Okawaru
 44910 | Vaults:2 | Noticed Sojobo
 44942 | Vaults:2 | Paralysed by an air elemental for 1 turns
 44945 | Vaults:2 | Killed Sojobo
 44945 | Vaults:2 | Received a gift from Okawaru
 44976 | Vaults:2 | Received a gift from Okawaru
 45247 | Vaults:2 | Reached skill level 21 in Fighting
 45305 | Vaults:2 | Received a gift from Okawaru
 45856 | Vaults:2 | Identified the +5 falchion of Sarac {flame, *Corrode rElec
                  | rN++} (Okawaru gifted it to you on level 2 of the Vaults)
 45856 | Vaults:2 | Received a gift from Okawaru
 46146 | Vaults:2 | Reached XP level 20. HP: 198/198 MP: 28/28
 46399 | Vaults:2 | Noticed Bai Suzhen
 46407 | Vaults:2 | Killed Bai Suzhen
 46574 | Vaults:3 | Reached skill level 15 in Armour
 46704 | Vaults:3 | Identified the +8 chain mail of Xugoth {Dex+2} (Okawaru
                  | gifted it to you on level 3 of the Vaults)
 46704 | Vaults:3 | Received a gift from Okawaru
 46921 | Arena    | Entered the Arena
 47870 | Vaults:3 | Reached skill level 15 in Throwing
 48157 | Vaults:3 | Reached skill level 22 in Fighting
 48395 | Vaults:3 | Found a staircase to the Crypt.
 48395 | Vaults:3 | Found an ancient bone altar of Kikubaaqudgha.
 48395 | Vaults:3 | Found a basalt altar of Yredelemnul.
 48491 | Vaults:4 | Received a gift from Okawaru
 48536 | Vaults:4 | Found Jeaboen's Armour Emporium.
 48539 | Vaults:4 | Found a crumbling gateway.
 48552 | Vaults:4 | Upgraded the game from 0.28-a0-245-g639a1a48b9 to
                  | 0.28-a0-247-gb8bfbab023
 48558 | Desolati | Entered the Desolation of Salt
 48771 | Desolati | Found the +7 Singing Sword {vorpal, sonic wave}
 48792 | Desolati | Identified the +1 robe of Privacy {-Tele rC++ Regen+ Int+4}
 48918 | Desolati | Identified the +5 scale mail of Tenacity {Rampage rPois
                  | Dex+2}
 48943 | Desolati | Got the Guide on Fire and Necromancy
 49191 | Desolati | Reached XP level 21. HP: 139/209 MP: 29/30
 49204 | Desolati | Received a gift from Okawaru
 49522 | Desolati | Identified the amulet "Natajut" {Will- Regen+ Dex+2 SInv}
 49984 | Vaults:4 | Received a gift from Okawaru
 50654 | Vaults:4 | Reached skill level 23 in Fighting
 50755 | Vaults:4 | Identified the +5 scale mail "Issaqu" {Rampage rElec SInv}
 50793 | Vaults:4 | Received a gift from Okawaru
 51724 | Elf:1    | Entered Level 1 of the Elven Halls
 51747 | Elf:1    | Found a radiant altar of Vehumet.
 51769 | Elf:1    | Received a gift from Okawaru
 53568 | Elf:2    | Found a runed translucent gate.
 53569 | Elf:2    | Found a runed translucent gate.
 53569 | Elf:2    | Found a runed translucent gate.
 53615 | Elf:2    | Found a runed translucent gate.
 53615 | Elf:2    | Found a runed translucent gate.
 53617 | Elf:2    | Found a runed translucent gate.
 53686 | Elf:2    | Found a runed translucent gate.
 53686 | Elf:2    | Found a runed translucent gate.
 53697 | Elf:2    | Found a runed translucent gate.
 53703 | Elf:2    | Reached XP level 22. HP: 215/221 MP: 31/31
 53704 | Elf:2    | Noticed Jimecuask's ghost (adept FeBe)
 53735 | Elf:2    | Gained mutation: You expend magic power (3 MP) to
                  | strengthen your wands. [a cacodemon]
 53783 | Elf:2    | Killed Jimecuask's ghost
 53907 | Elf:2    | Identified the +0 cloak of Wu Jian's Fury {Str+4}
 53914 | Elf:2    | Gained mutation: Your body sometimes deteriorates upon
                  | taking damage. [mutagenic glow]
 53931 | Elf:2    | Gained mutation: You are frail. (-10% HP) [mutagenic glow]
 53979 | Elf:2    | Gained mutation: You are clumsy. (Dex -2) [mutagenic glow]
 54035 | Elf:2    | Lost mutation: Your body sometimes deteriorates upon taking
                  | damage. [potion of mutation]
 54035 | Elf:2    | Lost mutation: You are clumsy. (Dex -2) [potion of
                  | mutation]
 54035 | Elf:2    | Lost mutation: You expend magic power (3 MP) to strengthen
                  | your wands. [potion of mutation]
 54035 | Elf:2    | Gained mutation: You tend to lose your temper in combat.
                  | [potion of mutation]
 54035 | Elf:2    | Gained mutation: You have hidden genetic defects. [potion
                  | of mutation]
 54036 | Elf:2    | Lost mutation: You have hidden genetic defects. [potion of
                  | mutation]
 54036 | Elf:2    | Lost mutation: You are frail. (-10% HP) [potion of
                  | mutation]
 54036 | Elf:2    | Gained mutation: Your mind is acute. (Int +2) [potion of
                  | mutation]
 54037 | Elf:2    | Lost mutation: Your mind is acute. (Int +2) [potion of
                  | mutation]
 54037 | Elf:2    | Gained mutation: You are dopey. (Int -2) [potion of
                  | mutation]
 54037 | Elf:2    | Gained mutation: You are agile. (Dex +2) [potion of
                  | mutation]
 54038 | Elf:2    | Lost mutation: You are dopey. (Int -2) [potion of mutation]
 54038 | Elf:2    | Lost mutation: You tend to lose your temper in combat.
                  | [potion of mutation]
 54038 | Elf:2    | Gained mutation: Your spells are a little easier to cast,
                  | but a little less powerful. [potion of mutation]
 54038 | Elf:2    | Gained mutation: You passively map a small area around you.
                  | [potion of mutation]
 54038 | Elf:2    | Gained mutation: You have an increased reservoir of magic.
                  | (+10% MP) [potion of mutation]
 54038 | Elf:2    | Lost mutation: Your spells are a little easier to cast, but
                  | a little less powerful. [potion of mutation]
 54203 | Elf:2    | Identified the +0 tower shield "Itusijew" {Contam +Inv
                  | rPois} (Okawaru gifted it to you on level 2 of the Elven
                  | Halls)
 54203 | Elf:2    | Received a gift from Okawaru
 54694 | Elf:3    | Entered Level 3 of the Elven Halls
 55288 | Elf:3    | Reached skill level 24 in Fighting
 55317 | Elf:3    | Reached skill level 10 in Evocations
 55554 | Elf:3    | Identified the ring "Reuvonke" {Dex+3 SInv}
 55786 | Elf:3    | Identified the +3 hand axe of Jorik {antimagic, +Rage rPois
                  | rN++ Str-2}
 56617 | Slime:1  | Entered Level 1 of the Pits of Slime
 56705 | Slime:5  | Entered Level 5 of the Pits of Slime
 56964 | Slime:5  | Identified the +7 scale mail "Keacrad" {Contam rF++ Regen+
                  | Int+4} (Okawaru gifted it to you on level 5 of the Pits of
                  | Slime)
 56964 | Slime:5  | Received a gift from Okawaru
 57391 | Slime:5  | Noticed the Royal Jelly
 57644 | Slime:5  | Found a viscous altar of Jiyva.
 57645 | Slime:5  | Found the +4 dagger "Morg" {pain, Will+ Int+5}
 57704 | Slime:5  | Killed the Royal Jelly
 57705 | Slime:5  | Reached XP level 23. HP: 226/232 MP: 36/36
 58135 | Slime:5  | Got a slimy rune of Zot
 58146 | Slime:5  | Identified the +1 scale mail "Wigh" {Slay+3 SInv}
 58149 | Slime:5  | Identified the +5 war axe of Impermanence {vamp, *Rage
                  | Will++ Dex+5}
 58163 | Slime:5  | Identified the +10 mace of Enormous Integrity {pain, Int+4}
 58178 | Slime:5  | Identified the ring "Mefuyfaw" {rF++ Str+6}
 58216 | Slime:5  | Identified the +3 war axe "Teruas" {holy, Fragile rPois rC+
                  | Str+4}
 58741 | Depths:1 | Entered Level 1 of the Depths
 58759 | Depths:1 | Found a gateway to Hell.
 59214 | Depths:1 | Noticed a caustic shrike
 59258 | Depths:1 | Received a gift from Okawaru
 59431 | Depths:1 | Killed a caustic shrike
 59432 | Depths:1 | Reached skill level 25 in Fighting
 59446 | Depths:1 | Noticed a caustic shrike
 59462 | Depths:1 | Killed a caustic shrike
 59462 | Depths:1 | Received a gift from Okawaru
 59464 | Depths:1 | Noticed a caustic shrike
 59469 | Depths:1 | Killed a caustic shrike
 59595 | Depths:1 | Found a shadowy altar of Dithmenos.
 59627 | Depths:1 | Noticed Asterion
 59638 | Depths:1 | Killed Asterion
 59793 | Depths:1 | Received a gift from Okawaru
 59815 | Depths:1 | Identified the +8 trident of Asempix {protect, Dex+4}
 59909 | Depths:2 | Noticed a caustic shrike
 59909 | Depths:2 | Noticed a juggernaut
 59930 | Depths:2 | Killed a juggernaut
 59940 | Depths:2 | Killed a caustic shrike
 59948 | Depths:2 | Noticed the Enchantress
 60139 | Depths:2 | Reached skill level 15 in Shields
 60184 | Depths:2 | Received a gift from Okawaru
 60192 | Depths:2 | Killed the Enchantress
 60412 | Depths:2 | Found the +5 robe of Misfortune {Contam Harm *Corrode Drain
                  | *Slow EV+5}
 60421 | Depths:2 | Got the Guide on Entrancing Companions
 60581 | Depths:2 | Identified the +2 robe of Cesonuimo {rCorr Slay+2}
 60859 | Depths:2 | Found a one-way gate leading to the halls of Pandemonium.
 60872 | Depths:2 | Noticed Saint Roka
 61053 | Depths:2 | Killed Saint Roka
 61197 | Depths:2 | Noticed Nikola
 61202 | Depths:2 | Learned a level 1 spell: Apportation
 61205 | Depths:2 | Learned a level 2 spell: Blink
 61209 | Depths:2 | Learned a level 3 spell: Swiftness
 61215 | Depths:2 | Learned a level 5 spell: Yara's Violent Unravelling
 61456 | Depths:2 | Reached skill level 1 in Translocations
 61489 | Depths:3 | Reached skill level 1 in Transmutations
 61497 | Depths:3 | Reached skill level 1 in Air Magic
 61497 | Depths:3 | Reached XP level 24. HP: 241/243 MP: 36/36
 61554 | Depths:3 | Found Nothryod's Assorted Antiques.
 61558 | Depths:3 | Reached skill level 1 in Hexes
 62104 | Depths:3 | Reached skill level 1 in Stealth
 62472 | Depths:3 | Received a gift from Okawaru
 62696 | Depths:3 | Noticed a royal mummy
 62702 | Depths:3 | Killed a royal mummy
 62702 | Depths:3 | Received a gift from Okawaru
 63239 | Depths:4 | Noticed Mlioglotl
 63405 | Depths:4 | Killed Mlioglotl
 63840 | Depths:4 | Received a gift from Okawaru
 64283 | Depths:4 | Received a gift from Okawaru
 64415 | Depths:4 | Found a one-way gate to the infinite horrors of the Abyss.
 64539 | Depths:4 | Reached skill level 5 in Translocations
 64728 | Depths:5 | Entered Level 5 of the Depths
 64766 | Depths:5 | Identified the +5 flail "Fiqoilioja" {flame, rPois Will+}
                  | (Okawaru gifted it to you on level 5 of the Depths)
 64766 | Depths:5 | Received a gift from Okawaru
 64883 | Depths:5 | Noticed a juggernaut
 64897 | Depths:5 | Killed a juggernaut
 65368 | Depths:5 | Found a gateway to a ziggurat.
 65477 | Depths:5 | Reached skill level 5 in Spellcasting
 65501 | Depths:5 | Identified the +7 fire dragon scales of Tomorrow {Harm
                  | rElec rF++ rC- Int+4} (Okawaru gifted it to you on level 5
                  | of the Depths)
 65501 | Depths:5 | Received a gift from Okawaru
 65708 | Depths:5 | Found a gate to the Realm of Zot.
 65722 | Depths:5 | Reached XP level 25. HP: 242/250 MP: 36/36
 66213 | Depths:4 | Reached skill level 5 in Stealth
 66221 | Depths:5 | Reached skill level 5 in Transmutations
 66323 | Depths:4 | Noticed a juggernaut
 66347 | Depths:4 | Killed a juggernaut
 67074 | Vaults:5 | Entered Level 5 of the Vaults
 67099 | Vaults:5 | Reached skill level 5 in Air Magic
 67107 | Vaults:5 | Received a gift from Okawaru
 67125 | Vaults:5 | Received a gift from Okawaru
 67984 | D:11     | You paid a toll of +2 gold dragon scales to enter a
                  | treasure trove
 67985 | Trove    | Entered a treasure trove
 67987 | Trove    | Identified the ring "Heos Nea" {Wiz rPois Int+4 Stlth+}
 67993 | Trove    | Identified the ring of Midnight {Will+ Str+3 SInv}
 67997 | Trove    | Identified the ring "Narharoy" {rElec rC+}
 67999 | Trove    | Identified the amulet "Coicedem" {Reflect Int+4 Dex+6 SH+5}
 68001 | Trove    | Identified the ring "Unayph" {rC+ Str+6}
 68005 | Trove    | Identified the ring "Ahyedixo" {rN+ Dex+3}
 68007 | Trove    | Identified the amulet of Kiagaa {Faith *Slow rElec rC++
                  | rCorr}
 68009 | Trove    | Identified the amulet "Gugill" {Harm Regen+ Slay+2}
 68015 | Trove    | Identified the ring of Atwulew {rElec rPois rC+ rN+ Dex+2}
 68746 | Vaults:5 | Got a silver rune of Zot
 69144 | Vaults:5 | Noticed a dread lich
 69146 | Arena    | Entered the Arena
 69158 | Arena    | Killed a dread lich
 69239 | Vaults:5 | Reached skill level 15 in Long Blades
 69513 | Vaults:5 | Found the +3 giant club "Skullcrusher" {speed, Str+7}
 69524 | Vaults:5 | Identified the amulet "Nit Rab" {Acrobat rCorr Dex+5
                  | Slay-6}
 69646 | Vaults:5 | Received a gift from Okawaru
 69667 | Vaults:5 | Reached XP level 26. HP: 191/259 MP: 36/36
 69688 | Vaults:5 | Identified the +0 leather armour of Hadjma {rElec rPois
                  | Dex+3 Slay+3}
 70088 | Vaults:5 | Reached skill level 10 in Translocations
 70350 | Vaults:5 | Received a gift from Okawaru
 70361 | Vaults:5 | Identified the +6 triple sword of Grace {protect, rF+
                  | Str+6}
 70361 | Vaults:5 | Identified the ring "Vinaol" {+Blink Str+5 Dex+6}
 70459 | Vaults:5 | Identified the +0 robe of Hedge Wizardry {Str+3 Slay+2}
 70561 | Vaults:5 | Identified the +1 ring mail "Qewno Vuso" {rElec rN+}
 70675 | Vaults:5 | Identified the +8 demon whip "Ruiskuk" {flame, Str+7 Int-2}
 70675 | Vaults:5 | Identified the +5 kite shield "Viduprui" {Dex+3}
 70886 | Vaults:5 | Received a gift from Okawaru
 71346 | D:15     | Learned a level 4 spell: Passage of Golubria
 71352 | D:15     | Learned a level 5 spell: Manifold Assault
 71494 | Depths:4 | Voluntarily entered the Abyss.
 71541 | Abyss:2  | Found a corrupted altar of Lugonu.
 71624 | Abyss:2  | Found a sacrificial altar of Ru.
 71646 | Abyss:2  | Identified the +3 ring mail "Jytiuh" {rN+ Will+ Dex+5
                  | Stlth-}
 71659 | Abyss:2  | Found a corrupted altar of Lugonu.
 72541 | Abyss:4  | Gained mutation: You are occasionally teleported next to
                  | monsters. [a neqoxec]
 72596 | Depths:4 | Escaped the Abyss
 72938 | Depths:4 | Voluntarily entered the Abyss.
 73077 | Abyss:3  | Received a gift from Okawaru
 73091 | Abyss:3  | Found a corrupted altar of Lugonu.
 73176 | Abyss:3  | Reached skill level 5 in Hexes
 73205 | Abyss:3  | Gained mutation: Your body sometimes deteriorates upon
                  | taking damage. [a neqoxec]
 73321 | Abyss:3  | Found a hazy altar of Hepliaklqana.
 73488 | Abyss:3  | Gained mutation: Your flesh is cold resistant. (rC+) [a
                  | neqoxec]
 73537 | Abyss:3  | Got an abyssal rune of Zot
 73543 | Abyss:3  | Received a gift from Okawaru
 73658 | Depths:4 | Escaped the Abyss
 73790 | D:15     | Lost mutation: You are agile. (Dex +2) [potion of mutation]
 73790 | D:15     | Lost mutation: Your flesh is cold resistant. (rC+) [potion
                  | of mutation]
 73790 | D:15     | Lost mutation: Your body sometimes deteriorates upon taking
                  | damage. [potion of mutation]
 73790 | D:15     | Gained mutation: You passively map the area around you.
                  | [potion of mutation]
 73790 | D:15     | Gained mutation: You have a pair of large horns on your
                  | head. [potion of mutation]
 73791 | D:15     | Lost mutation: You have an increased reservoir of magic.
                  | (+10% MP) [potion of mutation]
 73791 | D:15     | Lost mutation: You have a pair of large horns on your head.
                  | [potion of mutation]
 73791 | D:15     | Lost mutation: You are occasionally teleported next to
                  | monsters. [potion of mutation]
 73791 | D:15     | Gained mutation: You have a somewhat thin skeletal
                  | structure. (Dex +2, Stealth+) [potion of mutation]
 73791 | D:15     | Gained mutation: You are partially covered in iridescent
                  | scales. (AC +2) [potion of mutation]
 73915 | Zot:1    | Entered Level 1 of the Realm of Zot
 74268 | Zot:1    | Received a gift from Okawaru
 74718 | Zot:1    | Received a gift from Okawaru
 74719 | Zot:1    | Reached XP level 27. HP: 268/268 MP: 32/32
 74729 | Zot:1    | Reached skill level 26 in Fighting
 74915 | Zot:1    | Received a gift from Okawaru
 75283 | Zot:2    | Received a gift from Okawaru
 75326 | Zot:2    | Reached skill level 10 in Stealth
 76095 | Zot:2    | Noticed an orb of fire
 76101 | Zot:2    | Killed an orb of fire
 78569 | Zot:4    | Noticed an orb of fire
 78603 | Zot:4    | Killed an orb of fire
 78626 | Zot:4    | Received a gift from Okawaru
 78866 | Zot:4    | Received a gift from Okawaru
 80270 | Zot:4    | Reached skill level 27 in Fighting
 81142 | Zot:5    | Entered Level 5 of the Realm of Zot
 81170 | Zot:5    | Received a gift from Okawaru
 81505 | Zot:5    | Received a gift from Okawaru
 83020 | Zot:5    | Noticed an orb of fire
 83039 | Zot:5    | Killed an orb of fire
 83521 | Zot:5    | Noticed a dread lich
 83530 | Zot:5    | Noticed an orb of fire
 83551 | Zot:5    | Noticed an orb of fire
 83575 | Zot:5    | Gained mutation: You are agile. (Dex +2) [an orb of fire]
 83577 | Zot:5    | Gained mutation: Armour fits poorly on your strangely
                  | shaped body. [an orb of fire]
 83581 | Zot:5    | Gained mutation: You tend to lose your temper in combat.
                  | [an orb of fire]
 83587 | Zot:5    | Gained mutation: Potions are less effective at restoring
                  | your health. [an orb of fire]
 83589 | Zot:5    | Killed an orb of fire
 83938 | Zot:5    | Received a gift from Okawaru
 84169 | Zot:5    | Noticed an orb of fire
 84247 | Zot:5    | Killed an orb of fire
 84290 | Zot:5    | Gained mutation: You are frail. (-10% HP) [an orb of fire]
 84292 | Zot:5    | Killed an orb of fire
 84292 | Zot:5    | Received a gift from Okawaru
 84313 | Zot:5    | Noticed a dread lich
 84318 | Zot:5    | Killed a dread lich
 84608 | Zot:5    | Gained mutation: You often lose your temper in combat.
                  | [mutagenic glow]
 84624 | Zot:5    | Gained mutation: You are dopey. (Int -2) [mutagenic glow]
 84844 | Zot:5    | Killed a dread lich
 84988 | Zot:5    | Noticed an orb of fire
 84989 | Zot:5    | Noticed an ancient lich
 85002 | Zot:5    | Gained mutation: You sometimes lose the ability to read
                  | scrolls when taking damage. [an orb of fire]
 85003 | Zot:5    | Killed an orb of fire
 85003 | Zot:5    | Killed an ancient lich
 85005 | Zot:5    | Noticed an orb of fire
 85008 | Zot:5    | Killed an orb of fire
 85110 | Zot:5    | Noticed an orb of fire
 85134 | Zot:5    | Gained mutation: You occasionally shout uncontrollably at
                  | your foes. [an orb of fire]
 85135 | Zot:5    | Gained mutation: You frequently scream uncontrollably at
                  | your foes. [an orb of fire]
 85140 | Zot:5    | Killed an orb of fire
 85140 | Zot:5    | Received a gift from Okawaru
 85313 | Zot:5    | Lost mutation: Armour fits poorly on your strangely shaped
                  | body. [potion of mutation]
 85313 | Zot:5    | Lost mutation: You sometimes lose the ability to read
                  | scrolls when taking damage. [potion of mutation]
 85313 | Zot:5    | Gained mutation: You have a beak for a mouth. [potion of
                  | mutation]
 85314 | Zot:5    | Lost mutation: You frequently scream uncontrollably at your
                  | foes. [potion of mutation]
 85314 | Zot:5    | Lost mutation: You are partially covered in iridescent
                  | scales. (AC +2) [potion of mutation]
 85314 | Zot:5    | Lost mutation: You are frail. (-10% HP) [potion of
                  | mutation]
 85314 | Zot:5    | Gained mutation: You have sharp toenails. [potion of
                  | mutation]
 85314 | Zot:5    | Lost mutation: You are dopey. (Int -2) [potion of mutation]
 85314 | Zot:5    | Gained mutation: Your muscles are strong. (Str +2) [potion
                  | of mutation]
 85317 | Zot:5    | Got the Orb of Zot
 85421 | Zot:2    | Noticed Tafejaug the pandemonium lord
 85436 | Zot:1    | Noticed Fozedgh the pandemonium lord
 85506 | Depths:4 | Noticed Duogih the pandemonium lord
 85723 | D:15     | Noticed Punon the pandemonium lord
 85898 | D:9      | Received a gift from Okawaru
 86123 | D:1      | Noticed a seraph
 86131 | D:$      | Escaped with the Orb!

Illustrated notes

Levels and vault maps discovered:
D:1:      scummos_arrival_simple_fountains, layout_basic,
          shapermc_ecumenical_altar_venn, chequers_serial_rivers_marsh
D:2:      layout_loops_ring, uniq_terence
D:3:      layout_loops_ring, uniq_ijyb, uniq_grinder
D:4:      layout_basic, temple_statues, serial_shops, kennysheep_mini_moat
D:5:      layout_loops_ring, nicolae_ru_awakened_eye, uniq_pikel, uniq_sigmund,
          uniq_edmund, uniq_crazy_yiuf_cottage
D:6:      minmay_skewed_foursquare, layout_cave_pools, serial_park,
          serial_park_tiny_2, centaur_isle, uniq_menkaure, uniq_maggie
D:7:      layout_loops_corners, uniq_joseph
D:8:      layout_cave_pools, trog_ov_bears_minmay, serial_shops, shop_coins,
          hangedman_glass_teeth
D:9:      layout_irregular_city, gammafunk_ghost_icy, hangedman_weighted_door
D:10:     layout_cave_pods
D:11:     evilmike_library_of_no_secrets, layout_long_grid,
          minmay_lair_entry_grove, nicolae_trove_entry_isolated
D:12:     wander_river, layout_loops_ring, david_orc_5,
          portal_ice_cave_entry_imps
D:13:     layout_rooms, hangedman_vaults_entry_quadrant_bands,
          minmay_fractal_squares_5, uniq_frances
D:14:     layout_layer_cave, yredelemnul_altar_generic
D:15:     grunt_enter_depths_snipers, layout_gridville,
          hangedman_abyss_or_decor_stabs, serial_shops,
          nicolae_shop_behind_doors
Temple:   regret_index_temple_chain_breaker
Lair:1:   layout_chaotic_city, patterned_corridor, serial_bayou_shore_a
Lair:2:   layout_regular_city, minmay_shoals_entry_lonely_mermaid,
          spider_nest_entry_web_field
Lair:3:   layout_cave_pods, beast_lair_carwin_4, uniq_snorg
Lair:4:   layout_hall_layers, serial_rivers, chequers_serial_rivers_micro_a,
          chequers_serial_rivers_marsh, chequers_serial_rivers_micro_d,
          chequers_serial_rivers_small_b, chequers_serial_rivers_micro_d,
          serial_bayou_pond_a
Lair:5:   layout_small_grid, slime_altar_1, infiniplex_staircase_pool
Lair:6:   grunt_lair_end_beastmaster, layout_cave_shapes, lemuel_centaur_altar
Shoals:1: layout_shoals, gammafunk_ghost_split, nicolae_shoals_beach_cooler
Shoals:2: layout_shoals, ebering_ghost_disaster_area, uniq_polyphemus
Shoals:3: layout_shoals, serial_shops, shop
Shoals:4: shoals_end_hangedman, layout_shoals, minmay_shop_enchanted_jewellery,
          nicolae_shoals_loop_pool, uniq_roxanne
Spider:1: layout_spider_delve
Spider:2: nicolae_spider_mines_3, uniq_arachne, uniq_aizul
Spider:3: layout_spider_delve
Spider:4: grunt_spider_rune_circles, drop_trap, nicolae_spider_checkerboard
Slime:1:  layout_caves
Slime:2:  layout_caves
Slime:3:  layout_caves, nicolae_slime_barrier, uniq_dissolution
Slime:4:  cheibrodos_slime_lost_civilization_8, layout_caves
Slime:5
Orc:1:    layout_caves, serial_shops, shop, led_sif_book, uniq_urug
Orc:2:    st_orc_pillars, layout_caves, serial_shops, shop, minmay_orc_keep,
          uniq_erolcha
Elf:1:    eino_elf_arrival_altar, layout_loops_corners, hangedman_elf_represent
Elf:2:    nicolae_elf_blades_crystal_corner, layout_rooms,
          ploomutoo_gammafunk_ghost_potion_laboratory
Elf:3:    minmay_elf_hall_quartered_circle, layout_geoelf_octagon, st_stairs_12,
          grunt_ministairs_1
Vaults:1: nicolae_vaults_angled_halls, vaults_room_hallway, v_pattern_5,
          kennysheep_vaults_gozag_temple, vaults_room_stairs_pillars, v_misc_3,
          v_rooms_4, nicolae_vaults_windows_and_doors_thing,
          nicolae_vaults_circle_grid_b, dpeg_vaults_monster_box,
          vaults_room_grunt_arrival_ludios, layout_vaults_omnigrid
Vaults:2: v_pattern_4, v_misc_19, hangedman_vaults_hat, v_misc_24,
          nicolae_vaults_theta, v_misc_3, nicolae_vaults_little_ls,
          vaults_room_guarded_vault, v_alt_pattern_4, v_rooms_3,
          layout_vaults_ring, uniq_bai_suzhen, uniq_sojobo
Vaults:3: st_octagons_2, ontoclasm_vaults_decontamination,
          hangedman_vaults_impose, v_misc_3, minmay_crypt_entry_necro_gods,
          ontoclasm_vaults_twist, nicolae_vaults_network_barrier,
          nicolae_vaults_big_ls, ontoclasm_vaults_chip,
          nicolae_vaults_twisting_passages, grunt_vaults_focal,
          layout_vaults_omnibox
Vaults:4: hangedman_vaults_locks, nicolae_vaults_network_quinsquares
          [nicolae_vaults_network_quincunx_subvault,
          nicolae_vaults_network_quincunx_subvault,
          nicolae_vaults_network_quincunx_subvault,
          nicolae_vaults_network_quincunx_subvault], dpeg_vaults_monster_row,
          v_misc_3, vaults_mumra_hex, v_misc_11, v_alt_pattern_4,
          vaults_room_grid, nicolae_vaults_little_squares_4,
          layout_vaults_big_room, serial_shops, shop,
          portal_desolation_entry_garden
Vaults:5
Depths:1: layout_honeycomb, grunt_mini_vestibule,
          amcnicky_mini_rare_corridor_liquid, nicolae_dithmenos_the_darkroom,
          uniq_asterion
Depths:2: minmay_strange_plus, layout_cave_pools, pf_hell_entry_tar_river,
          serial_bayou, serial_bayou_pond_c, serial_bayou_pond_e,
          serial_bayou_pond_e, serial_bayou_lagoon_b, pan_entry,
          minmay_curled_crystal, kennysheep_generic_room_10, uniq_saint_roka,
          uniq_nikola, uniq_enchantress
Depths:3: lemuel_minitomb, layout_cross, serial_shops, nicolae_diamond_shop,
          grunt_hell_entry_dis_old, kennysheep_decorative_pillar,
          rand_demon_pan_entry_4, grunt_decor_fettered
Depths:4: minmay_connected_triangles_in_corner, layout_honeycomb, abyss_entry,
          hangedman_decor_lopped, hell_entry, kennysheep_kite_vault,
          uniq_mlioglotl
Depths:5: grunt_twist_and_shout, layout_honeycomb, enter_ziggurat_e, hell_entry,
          minmay_crystal_room, st_stairs_3
Zot:1:    layout_gridlike, grunt_megastairs_2
Zot:2:    lemuel_acid_trip, layout_onion_interference, bh_zot_lava_cross
Zot:3:    layout_onion_interference, grunt_megastairs_1
Zot:4:    lemuel_draconian_sentries_small, layout_basic, lemuel_baited_zot_trap,
          grunt_ministairs_7
Zot:5:    layout_twisted_circle

Skill      XL: |  1  2  3  4  5  6  7  8  9 10 11 12 13 14 15 16 17 18 19 20 21 22 23 24 25 26 27 |
---------------+----------------------------------------------------------------------------------+-----
Fighting       | 4 5 6 8 10 12 13 14 15 16 17 19 20 21 22 23 24 25 27 | 27.0
Long Blades    | 3 4 6 7 8 10 12 13 14 15 16 | 16.0
Armour         | 7 10 11 12 13 14 16 17 18 23 | 23.2
Shields        | 7 10 11 12 13 14 15 16 19 | 19.5
Invocations    | 3 5 7 8 9 10 11 12 13 14 | 14.5
Maces & Flails | 9 |  9.0
Throwing       | 1 7 10 12 13 14 15 16 17 | 17.4
Evocations     | 4 6 8 9 10 11 | 11.6
Spellcasting   | 1 2 3 5 |  5.4
Dodging        | 6 10 12 | 12.0
Translocations | 1 6 9 11 14 | 14.6
Transmutations | 1 4 5 6 8 |  8.0
Air Magic      | 1 4 6 7 |  7.3
Hexes          | 3 4 5 6 |  6.5
Stealth        | 4 7 9 10 | 10.5

Action                   |  1- 3 |  4- 6 |  7- 9 | 10-12 | 13-15 | 16-18 | 19-21 | 22-24 | 25-27 || total
-------------------------+-------+-------+-------+-------+-------+-------+-------+-------+-------++-------
Melee: Long sword        |    89 |   131 |   211 |    75 |       |       |       |       |       ||   506
       Headbutt          |    16 |    29 |    68 |   122 |   375 |   594 |   627 |   663 |  1005 ||  3499
       Scimitar          |       |       |       |   512 |  1253 |       |       |       |       ||  1765
       Morningstar       |       |       |       |       |    76 |       |       |       |       ||    76
       Demon blade       |       |       |       |       |   196 |  1012 |  1457 |  1093 |  2283 ||  6041
       Demon whip        |       |       |       |       |       |   257 |       |       |       ||   257
       Double sword      |       |       |       |       |       |   317 |   159 |   461 |    88 ||  1025
       Peck              |       |       |       |       |       |       |       |       |    11 ||    11
 Fire: Hunting sling     |       |       |       |    55 |   218 |       |       |       |       ||   273
Throw: Dart              |       |     8 |     7 |       |     5 |       |       |     5 |     1 ||    26
       Boomerang         |       |       |       |       |     8 |    88 |    20 |    70 |    26 ||   212
       Javelin           |       |       |       |       |       |       |     3 |   151 |   289 ||   443
 Cast: Blink             |       |       |       |       |       |       |       |       |     7 ||     7
       Apportation       |       |       |       |       |       |       |       |       |     2 ||     2
       Manifold Assault  |       |       |       |       |       |       |       |       |    65 ||    65
       Passage of Golubr |       |       |       |       |       |       |       |       |     6 ||     6
Invok: Heroism           |       |       |     8 |     6 |    19 |    11 |     5 |     9 |     5 ||    63
       Duel              |       |       |       |       |     2 |     1 |     1 |       |     1 ||     5
       Finesse           |       |       |       |       |     2 |       |       |     1 |     1 ||     4
Evoke: Wand              |       |       |     9 |       |       |     1 |       |       |     4 ||    14
       Condenser vane    |       |       |       |       |       |     1 |     1 |     2 |     2 ||     6
       Phial of floods   |       |       |       |       |       |     1 |       |       |       ||     1
       Lightning rod     |       |       |       |       |       |     1 |       |       |       ||     1
  Use: Potion            |       |     5 |     2 |     2 |     2 |     6 |     5 |     7 |    12 ||    41
       Scroll            |       |     9 |     3 |     8 |    18 |     7 |     5 |     5 |    19 ||    74
 Stab: Sleeping          |       |       |     1 |     1 |     3 |    17 |    23 |    16 |    15 ||    76
       Petrified         |       |       |       |       |     4 |       |       |       |       ||     4
       Distracted        |       |       |       |       |     1 |     2 |     4 |     2 |    23 ||    32
       Petrifying        |       |       |       |       |     1 |       |       |       |       ||     1
Armor: Scale mail        |    37 |    56 |    28 |       |       |       |       |       |       ||   121
       Acid dragon scale |       |       |    45 |    48 |       |       |       |       |       ||    93
       Chain mail        |       |       |       |   238 |   144 |       |       |       |       ||   382
       Plate armour      |       |       |       |       |   193 |       |       |       |       ||   193
       Crystal plate arm |       |       |       |       |   296 |       |       |       |       ||   296
       Shadow dragon sca |       |       |       |       |   180 |  1108 |   733 |   551 |   552 ||  3124
Dodge: Dodged            |    35 |    31 |    80 |   177 |   451 |   611 |   741 |   662 |   710 ||  3498
Block: Kite shield       |    32 |    45 |    97 |    69 |   880 |  1033 |   938 |   821 |  1467 ||  5382
       Buckler           |       |       |     3 |   139 |       |       |       |       |       ||   142
       Reflection        |       |       |       |       |       |       |       |       |    32 ||    32
       Tower shield      |       |       |       |       |       |       |       |       |   188 ||   188
       Rpst.: Long sword |     6 |     6 |    19 |    14 |       |       |       |       |       ||    45
       Scimitar          |       |       |       |    34 |    90 |       |       |       |       ||   124
       Demon blade       |       |       |       |       |     4 |    74 |   128 |    95 |    85 ||   386
       Double sword      |       |       |       |       |       |    24 |    22 |    41 |     1 ||    88

Table legend: (Time is in decaauts)
 A = Elapsed time spent in this place.
 B = Non-inter-level travel time spent in this place.
 C = Inter-level travel time spent in this place.
 D = Time resting spent in this place.
 E = Time spent auto-exploring this place.
 F = Levels seen in this place.
 G = Mean time per level.
                   A        B        C        D        E       F      G
               +--------+--------+--------+--------+--------+-----+--------+
         Total |  83263 |  76520 |   6743 |  19798 |  33603 |  70 | 1189.5 |
       Dungeon |  20765 |  18187 |   2578 |   3286 |  10563 |  15 | 1384.3 |
        Temple |    163 |    152 |     11 |      0 |    110 |   1 |  163.0 |
          Lair |   8190 |   7454 |    736 |    357 |   5289 |   6 | 1365.0 |
        Shoals |   4605 |   4454 |    151 |   1393 |    783 |   4 | 1151.2 |
   Spider Nest |   4372 |   4200 |    172 |   1412 |   1460 |   4 | 1093.0 |
    Slime Pits |   1782 |   1732 |     50 |    811 |    172 |   5 |  356.4 |
  Orcish Mines |   4347 |   4009 |    338 |   1584 |   1523 |   2 | 2173.5 |
   Elven Halls |   4340 |   4121 |    219 |    842 |   2079 |   3 | 1446.7 |
        Vaults |  10386 |   9550 |    836 |   2091 |   4211 |   5 | 2077.2 |
        Depths |   8756 |   7751 |   1005 |   1671 |   3933 |   5 | 1751.2 |
           Zot |  10886 |  10244 |    642 |   4539 |   3335 |   5 | 2177.2 |
         Abyss |   1641 |   1641 |      0 |    118 |     18 |   7 |  234.4 |
         Trove |     56 |     56 |      0 |      0 |      0 |   1 |   56.0 |
      Ice Cave |   1554 |   1554 |      0 |   1086 |    126 |   1 | 1554.0 |
    Desolation |   1228 |   1228 |      0 |    495 |      0 |   1 | 1228.0 |
         Arena |    186 |    186 |      0 |    110 |      0 |   5 |   37.2 |
               +--------+--------+--------+--------+--------+-----+--------+

Top non-repeatable levels by time:
   Zot:5: 4009 daAuts
    D:11: 2732 daAuts
Depths:4: 2639 daAuts
Vaults:5: 2633 daAuts
   Zot:4: 2628 daAuts
   Orc:2: 2587 daAuts
    D:12: 2098 daAuts
Vaults:4: 2023 daAuts
     D:5: 1976 daAuts
Vaults:3: 1960 daAuts
Vaults:2: 1920 daAuts
Vaults:1: 1849 daAuts
   Orc:1: 1759 daAuts
  Lair:6: 1679 daAuts
Spider:4: 1617 daAuts
